 Dungeon Crawl Stone Soup version 0.28-a0-1206-g193881aaa2 (webtiles) character file.

Game seed: 15075051088716605281

237 Zonian the Skirmisher (level 6, 0/56 HPs)
             Began as a Hill Orc Fighter on Dec 21, 2021.
             Slain by Dowan (5 damage)
             ... on level 4 of the Dungeon.
             The game lasted 00:05:11 (4351 turns).

Zonian the Skirmisher (Hill Orc Fighter)            Turns: 4351, Time: 00:05:12

Health: 0/56       AC:  9    Str: 19    XL:     6   Next: 6%
Magic:  6/6        EV: 24    Int:  8    God:
Gold:   142        SH:  5    Dex: 12    Spells: 5/5 levels left

rFire   . . .      SeeInvis .   a - +0 war axe
rCold   . . .      Faith    .   c - +0 buckler
rNeg    . . .      Spirit   .   b - +0 scale mail
rPois   .          Reflect  .   (no helmet)
rElec   .          Harm     .   k - +0 cloak
rCorr   .          Rampage  .   f - +0 pair of gloves
Will    .....                   (no boots)
Stlth   ..........              l - amulet of the acrobat
HPRegen 0.18/turn               (no ring)
MPRegen 0.10/turn               (no ring)

@: mighty, acrobatic
A: no striking features
a: no special abilities


You were on level 4 of the Dungeon.
You visited 1 branch of the dungeon, and saw 4 of its levels.

You collected 142 gold pieces.

Inventory:

Hand Weapons
 a - a +0 war axe (weapon)
Armour
 b - a +0 scale mail (worn)
 c - a +0 buckler (worn)
 f - a +0 pair of gloves (worn)
 k - a +0 cloak (worn)
Jewellery
 i - a ring of flight
 l - an amulet of the acrobat (around neck)
Scrolls
 g - 3 scrolls of amnesia {unknown}
 h - 2 scrolls of teleportation {unknown}
 o - a scroll of identify
 r - a scroll of enchant armour {unknown}
Potions
 e - a potion of magic
 j - a potion of flight {unknown}
 m - a potion of berserk rage {unknown}
 n - a potion of mutation {unknown}
 p - a potion of curing {unknown}
 q - 2 potions of degeneration {unknown}


   Skills:
 + Level 5.1 Fighting
 + Level 4.7 Axes
 + Level 4.7 Armour
 - Level 4.2 Shields


You had 5 spell levels left.
You didn't know any spells.
Your spell library contained the following spells:

 Spells                   Type           Power      Damage    Failure   Level
 Call Canine Familiar     Summ           0%         N/A       98%         3
 Portal Projectile        Hex/Tloc       0%         N/A       98%         3
 Leda's Liquefaction      Hex/Erth       0%         N/A       100%        4


Dungeon Overview and Level Annotations

Branches:
Dungeon (4/15)
 Temple: D:4-7

Altars:

Annotations:
D:4 Dowan, Duvessa


Message History

You hit the hound.
The hound is lightly wounded.
You closely miss Dowan. You hit the hound skeleton.
The hound closely misses you.
Dowan hits you with a +2 dagger of electrocution!
You are electrocuted!
The hound skeleton barely misses you. The hound barely misses you.
You block the hound skeleton's attack. You block the hound's attack.
Found the +8 demon trident "Rift" {distort, reach+}.
Dowan points at Duvessa and mumbles some strange words.
Duvessa seems to speed up.
The hound completely misses you.
Dowan says, "Magic and the sword, together, will defeat you."
You block Duvessa's attack. The hound misses you.
There is a stone staircase leading up here.
Okay, then.
Okay, then.
Okay, then.
You feel very mighty all of a sudden. Duvessa hits you with a +0 short sword.
The hound misses you. Duvessa hits you with a +0 short sword.
The hound closely misses you.
Unknown command.
You slice Duvessa!!
Duvessa is heavily wounded.
You slash the hound skeleton! You closely miss the hound.
Duvessa hits you with a +0 short sword. The hound skeleton closely misses you.
The hound bites you. You block the hound skeleton's attack.
The hound barely misses you.
Duvessa gestures with her weapon.
Duvessa hits you with a +0 short sword.
* * * LOW HITPOINT WARNING * * *
The hound skeleton bites you.
* * * LOW HITPOINT WARNING * * *
The hound barely misses you. Dowan hits you but does no damage.
You are electrocuted!
* * * LOW HITPOINT WARNING * * *
The hound completely misses you. Duvessa misses you.
The hound bites you but does no damage.
Dowan smirks and points a slender finger.
Dowan hits you with a +2 dagger of electrocution.
You die...

#≈.....## ...
#≈...!..# ###...
#≈......# .#..).
#≈≈.....##......
##≈..........#
#≈..........#
#≈.........##
#≈.....J.###
#≈....@e.#
#≈≈...he.##
##≈≈...Z..##
###≈.......#
#≈#≈......##
#≈≈≈...#.##
#≈.....#.#
#≈.##...## #≈≈
##..#


You could see Duvessa (fast), Dowan, a hound, an endoplasm and a hound skeleton.

Vanquished Creatures
  Crazy Yiuf (D:2)
  Terence (D:2)
  An orc wizard (D:3)
  A hound skeleton (D:2)
  Robin (D:3)
  4 adders
  2 dart slugs (D:1)
  10 orcs (D:3)
  8 ball pythons
  7 bats
  9 endoplasms
  4 giant cockroaches
  8 goblins
  7 hobgoblins
  4 quokkas
  2 frilled lizards
  7 kobolds
  A rat (D:2)
78 creatures vanquished.

Vanquished Creatures (others)
  14 plants (D:2)
14 creatures vanquished.

Grand Total: 92 creatures vanquished

Notes
Turn   | Place    | Note
-------+----------+-------------------------------------------
     0 | D:1      | Zonian the Hill Orc Fighter began the quest for the Orb.
     0 | D:1      | Reached XP level 1. HP: 19/19 MP: 1/1
   179 | D:1      | Reached XP level 2. HP: 17/27 MP: 2/2
   629 | D:1      | Reached skill level 4 in Fighting
   740 | D:1      | Reached XP level 3. HP: 33/33 MP: 3/3
  1851 | D:2      | Found a runed translucent door.
  1852 | D:2      | Noticed Crazy Yiuf
  1940 | D:2      | Reached XP level 4. HP: 40/40 MP: 4/4
  2083 | D:2      | Noticed Terence
  2098 | D:2      | Killed Terence
  2747 | D:2      | Killed Crazy Yiuf
  2748 | D:2      | Reached XP level 5. HP: 24/47 MP: 5/5
  3564 | D:3      | Noticed Robin
  3596 | D:3      | Killed Robin
  3597 | D:3      | Reached skill level 5 in Fighting
  3662 | D:3      | Found a faded altar of an unknown god.
  3729 | D:3      | Reached XP level 6. HP: 51/56 MP: 6/6
  4334 | D:4      | Noticed Dowan
  4336 | D:4      | Noticed Duvessa
  4341 | D:4      | Found the +8 demon trident "Rift" {distort, reach+}
  4351 | D:4      | Slain by Dowan

Illustrated notes

Levels and vault maps discovered:
D:1:      saegor_arrival_simple_d, layout_basic
D:2:      layout_loops_ring, minmay_strange_pillars, roderic_lattice_a,
          serial_bayou_lake_a, uniq_terence, uniq_crazy_yiuf_cottage
D:3:      layout_loops_ring, dreamdust_ecumenical_altar_statues, uniq_robin
D:4:      layout_cave_pools, minmay_strange_pillars, minmay_manual_mullet,
          uniq_eustachio, uniq_duvessa

Skill      XL: |  1  2  3  4  5 |
---------------+----------------+-----
Axes           | 3 4 |  4.7
Fighting       | 4 5 |  5.1
Armour         | 4 |  4.7
Shields        | 4 |  4.2

Action                   |  1- 3 |  4- 6 || total
-------------------------+-------+-------++-------
Melee: War axe           |    92 |   159 ||   251
Throw: Throwing net      |       |     1 ||     1
  Use: Scroll            |     1 |       ||     1
       Potion            |       |     1 ||     1
 Stab: Held in net/web   |       |     1 ||     1
Armor: Scale mail        |    37 |    77 ||   114
Dodge: Dodged            |    53 |    89 ||   142
Block: Buckler           |    33 |    47 ||    80

Table legend: (Time is in decaauts)
 A = Elapsed time spent in this place.
 B = Non-inter-level travel time spent in this place.
 C = Inter-level travel time spent in this place.
 D = Time resting spent in this place.
 E = Time spent auto-exploring this place.
 F = Levels seen in this place.
 G = Mean time per level.
                   A        B        C        D        E       F      G
               +--------+--------+--------+--------+--------+-----+--------+
         Total |   4450 |   4349 |    101 |    965 |   2747 |   4 | 1112.5 |
       Dungeon |   4450 |   4349 |    101 |    965 |   2747 |   4 | 1112.5 |
               +--------+--------+--------+--------+--------+-----+--------+

Top non-repeatable levels by time:
     D:2: 2246 daAuts
     D:1: 1137 daAuts
     D:3: 1020 daAuts
     D:4: 46 daAuts
